 Dungeon Crawl Stone Soup version 0.29-a0-393-g47a863cc1b (webtiles) character file.

Game seed: 14353385520663379552

72 NinjaNoafa the Chopper (level 4, 0/41 HPs)
             Began as a Hill Orc Monk on May 9, 2022.
             Slain by an iron imp (3 damage)
             ... summoned by Natasha
             ... on level 3 of the Dungeon.
             The game lasted 00:02:43 (2535 turns).

NinjaNoafa the Chopper (Hill Orc Monk)              Turns: 2535, Time: 00:02:43

Health: 0/41       AC:  9    Str: 15    XL:     4   Next: 26%
Magic:  4/4        EV: 10    Int: 10    God:
Gold:   117        SH:  0    Dex: 19    Spells: 3/3 levels left

rFire   + . .      SeeInvis .   a - +0 hand axe
rCold   . . .      Faith    .   (no shield)
rNeg    . . .      Spirit   .   h - +0 scale mail
rPois   .          Reflect  .   (no helmet)
rElec   .          Harm     .   (no cloak)
rCorr   .          Rampage  .   q - +0 pair of gloves
Will    .....                   i - +0 pair of boots
Stlth   +.........              (no amulet)
HPRegen 0.13/turn               k - ring of protection from fire
MPRegen 0.09/turn               o - +6 ring of dexterity

@: brilliant, slowed, very slow
A: no striking features
a: no special abilities


You were on level 3 of the Dungeon.
You visited 1 branch of the dungeon, and saw 3 of its levels.

You collected 117 gold pieces.

Inventory:

Hand Weapons
 a - a +0 hand axe (weapon)
Missiles
 e - 5 poisoned darts (quivered)
Armour
 h - a +0 scale mail (worn)
 i - a +0 pair of boots (worn)
 q - a +0 pair of gloves (worn)
Jewellery
 k - a ring of protection from fire (left hand)
 o - a +6 ring of dexterity (right hand)
Scrolls
 b - 3 scrolls of identify {unknown}
 g - a scroll of noise {unknown}
 j - 2 scrolls of poison {unknown}
 r - a scroll of enchant weapon {unknown}
Potions
 c - a potion of ambrosia
 d - a potion of mutation {unknown}
 f - a potion of brilliance
 l - a potion of lignification {unknown}
 m - a potion of resistance {unknown}
 n - a potion of attraction {unknown}
 p - a potion of flight {unknown}
 s - a potion of might {unknown}


   Skills:
 + Level 4.3 Fighting
 + Level 4.7 Axes
 * Level 2.8 Armour
 - Level 2.4 Dodging
 - Level 1.5 Stealth


You had 3 spell levels left.
You didn't know any spells.
Your spell library contained the following spells:

 Spells                   Type           Power      Damage    Failure   Level
 Sting                    Tmut/Pois      0%         1d3       82%         1
 Poisonous Vapours        Pois/Air       0%         N/A       91%         2
 Olgreb's Toxic Radiance  Pois           0%         N/A       100%        4


Dungeon Overview and Level Annotations

Branches:
Dungeon (3/15)

Altars:

Annotations:
D:3 Natasha


Message History

You barely miss Natasha.
Natasha is heavily wounded.
Natasha closely misses you.
The white imp summons a swarm of flies.
Natasha closely misses you.
You hit Natasha.
Natasha is severely wounded.
You miss the crimson imp.
The crimson imp disappears in a puff of smoke!
Natasha mumbles some strange words.
Natasha barely misses you.
You hit Natasha.
Natasha is almost dead.
You hit the iron imp but do no damage. Natasha claws you but does no damage.
The iron imp closely misses you.
You barely miss Natasha.
Natasha is almost dead.
You hit the iron imp but do no damage. Natasha claws you.
The white imp shouts, "Begone, thou gorbellied dread-bolted snaffler!"
The iron imp hits you but does no damage.
Natasha claws you.
You hit Natasha.
Natasha is almost dead.
You hit the iron imp but do no damage. Natasha completely misses you.
The iron imp shouts, "Scamper home, thou vain tardy-gaited joithead!"
The iron imp barely misses you. Natasha casts a spell at you.
You feel as though you will be slow longer.
The iron imp shouts, "Relinquish hope, thou pottle-deep weeb-spouting puttock!"
The iron imp closely misses you.
You hit Natasha but do no damage.
Natasha is almost dead.
You barely miss the iron imp. Natasha barely misses you. The iron imp hits you!
* * * LOW HITPOINT WARNING * * *
It was a potion of brilliance.
You feel clever all of a sudden. Natasha claws you.
* * * LOW HITPOINT WARNING * * *
The iron imp hits you.
You die...

#. #.. . # #.. ## ##
#.# ##. #.) ##.. #.#
##... #.# ##....
#.########.# ##.....
#..55h@5...# #.....♣
##########.######....♣♣
#......'....♣
######.'...♣♣
###.'....♣
#######...#....♣♣
#######...[...###.....♣
..[.^...####### ##.....
######### ##....


You could see an iron imp (summoned), Natasha, a white imp (summoned) and a
shadow imp (summoned).

Vanquished Creatures
  3 adders (D:2)
  A worm (D:2)
  A dart slug (D:3)
  2 bats (D:2)
  3 endoplasms
  3 giant cockroaches
  4 goblins
  2 hobgoblins
  A quokka (D:1)
  6 ball pythons
  2 frilled lizards
  7 kobolds
  6 rats
41 creatures vanquished.

Notes
Turn   | Place    | Note
-------+----------+-------------------------------------------
     0 | D:1      | NinjaNoafa the Hill Orc Monk began the quest for the Orb.
     0 | D:1      | Reached XP level 1. HP: 19/19 MP: 1/1
   298 | D:1      | Reached skill level 1 in Armour
   298 | D:1      | Reached XP level 2. HP: 12/27 MP: 2/2
  1162 | D:2      | Reached XP level 3. HP: 33/33 MP: 3/3
  1746 | D:2      | Reached XP level 4. HP: 31/40 MP: 4/4
  2510 | D:3      | Noticed Natasha
  2535 | D:3      | Slain by an iron imp

Illustrated notes

Levels and vault maps discovered:
D:1:      heliophobic_arrival_ceremonial_halls, layout_rooms, minmay_distorted
D:2:      layout_basic, moated_statue
D:3:      layout_loops_ring, mainiacjoe_overflow_alcove_3, kennysheep_donut,
          hangedman_decor_growths, st_stairs_5, minivault_11, uniq_natasha

Skill      XL: |  1  2 |
---------------+-------+-----
Armour         | 1 2 |  2.8
Fighting       | 4 |  4.3
Axes           | |  4.7
Dodging        | |  2.4
Stealth        | |  1.5

Action                   |  1- 3 |  4- 6 || total
-------------------------+-------+-------++-------
Melee: Hand axe          |   106 |    51 ||   157
Throw: Dart              |     9 |       ||     9
  Use: Potion            |       |     1 ||     1
Armor: Ring mail         |    12 |       ||    12
       Robe              |     1 |       ||     1
       Scale mail        |    38 |    15 ||    53
Dodge: Dodged            |    67 |    35 ||   102

Table legend: (Time is in decaauts)
 A = Elapsed time spent in this place.
 B = Non-inter-level travel time spent in this place.
 C = Inter-level travel time spent in this place.
 D = Time resting spent in this place.
 E = Time spent auto-exploring this place.
 F = Levels seen in this place.
 G = Mean time per level.
                   A        B        C        D        E       F      G
               +--------+--------+--------+--------+--------+-----+--------+
         Total |   2559 |   2456 |    103 |      0 |   1992 |   3 |  853.0 |
       Dungeon |   2559 |   2456 |    103 |      0 |   1992 |   3 |  853.0 |
               +--------+--------+--------+--------+--------+-----+--------+

Top non-repeatable levels by time:
     D:2: 1213 daAuts
     D:1: 1136 daAuts
     D:3: 208 daAuts
